 Dungeon Crawl Stone Soup version 0.31-a0-1603-gbec6b6ccbf (webtiles) character file.

Game seed: 14268454162983710209

190296 jasper the Warrior (level 17, -11/258 HPs)
             Began as a Minotaur Berserker on Jan 7, 2024.
             Was a High Priest of Trog.
             Mangled by a snapping turtle (19 damage)
             ... on level 1 of the Shoals.
             The game lasted 00:48:59 (32073 turns).

jasper the Warrior (Minotaur Berserker)            Turns: 32073, Time: 00:48:59

Health: -11/258    AC: 32    Str: 31    XL:     17   Next: 53%
Magic:  3/5        EV: 18    Int:  4    God:    Trog [*****.]
Gold:   1238       SH:  0    Dex: 11    Spells: 16/16 levels left

rFire   . . .        q - +4 battleaxe (antimagic)
rCold   + . .        (shield currently unavailable)
rNeg    . . .        x - +4 plate armour {rC+}
rPois   .            (helmet restricted)
rElec   .            v - +1 cloak
rCorr   .            m - +3 Mad Mage's Maulers {Infuse+∞ VampMP -Cast}
SInv    .            K - +1 pair of boots
Will    +++..        (no amulet) Stlth
                     P - +5 ring of evasion
HPRegen 1.63/turn    f - ring of Foolhardiness {Fly Str+2}
MPRegen 0.09/turn

%: no spellcasting, infuse magic (3 MP)
@: berserking (expiring), marked, strong-willed, flying, regenerating, very
quick
A: horns 2, retaliatory headbutt
}: 1/15 runes: serpentine
a: Renounce Religion, Berserk, Trog's Hand, Brothers in Arms


You were on level 1 of the Shoals.
You worshipped Trog.
Trog was extremely pleased with you.
You visited 5 branches of the dungeon, and saw 27 of its levels.
You also visited: Ice Cave.

You collected 3129 gold pieces.
You spent 1891 gold pieces at shops.

Inventory:

Hand Weapons
 h - a +3 executioner's axe
 q - a +4 antimagic battleaxe (weapon)
 H - a +4 executioner's axe of venom
Missiles
 j - 111 stones (quivered)
 k - 10 atropa-tipped darts
 u - 68 poisoned darts
 z - 4 throwing nets
 D - 7 curare-tipped darts
 M - 11 javelins
 R - 6 darts of dispersal
Armour
 c - a +2 chain mail of poison resistance
 m - the +3 Mad Mage's Maulers (worn) {Infuse+∞ VampMP -Cast}
   (You bought it in a shop on level 1 of the Snake Pit)

   Infuse+∞: It empowers its wearer's blows with all of their magic.
   VampMP:    Blows struck in melee replenish the wearer's magic.
   -Cast:     It prevents spellcasting.
 v - a +1 cloak (worn)
 x - a +4 plate armour of cold resistance (worn)
 K - a +1 pair of boots (worn)
 L - the +0 pair of gloves of the Forgotten Violins {*Corrode rN+ Regen+ Int+5}
   (You bought it in a shop on level 2 of the Orcish Mines)

   Int+5:     It affects your intelligence (+5).
   rN+:       It protects you from negative energy.
   Regen+:    It increases your rate of health regeneration.
   *Corrode:  It may corrode you when you take damage.
Jewellery
 e - the ring of Gefaso Diply {rElec rPois rF- Dex+5 SInv}
   (You found it on level 3 of the Lair of Beasts)

   [ring of see invisible]

   Dex+5:     It affects your dexterity (+5).
   rF-:       It makes you vulnerable to fire.
   rElec:     It insulates you from electricity.
   rPois:     It protects you from poison SInv: It lets you see invisible.
 f - the ring of Foolhardiness (right hand) {Fly Str+2}
   (You found it on level 1 of the Snake Pit)

   [ring of flight]

   Str+2:     It affects your strength (+2).
   Fly:       It grants you flight.
 t - a ring of poison resistance
 G - a ring of positive energy
 P - a +5 ring of evasion (left hand)
 S - a +5 ring of evasion
Wands
 i - a wand of paralysis (7)
 A - a wand of digging (16)
 E - a wand of flame (50)
 F - a wand of roots (8)
 J - a wand of light (24)
 Y - a wand of mindburst (21)
Scrolls
 b - a scroll of blinking
 d - 3 scrolls of vulnerability
 g - 14 scrolls of teleportation
 w - a scroll of enchant weapon
 y - 6 scrolls of revelation
 B - 8 scrolls of fear
 C - 2 scrolls of enchant armour
 I - 12 scrolls of identify
 N - 3 scrolls of immolation
 Q - 2 scrolls of torment
 U - 3 scrolls of fog
 V - 2 scrolls of summoning
 X - 2 scrolls of poison
Potions
 a - 7 potions of haste
 n - 2 potions of enlightenment
 o - 8 potions of ambrosia
 p - 7 potions of mutation
 r - 13 potions of curing
 s - 2 potions of attraction
 O - 3 potions of invisibility
 T - a potion of lignification
 W - 2 potions of cancellation
 Z - a potion of magic


   Skills:
 * Level 20.7 Fighting
 - Level 20.0 Axes
 - Level 10.0 Throwing
 + Level 18.6 Armour
 + Level 13.3 Dodging
 - Level 0.1 Evocations


You had 16 spell levels left.
You didn't know any spells.
Your spell library was empty.

Dungeon Overview and Level Annotations

Branches:
Dungeon (15/15)            Temple (0/1) D:5            Lair (5/5) D:10
 Shoals (1/4) Lair:3        Snake (4/4) Lair:2        Slime (0/5) Lair:5
    Orc (2/2) D:11            Elf (0/3) Orc:2        Vaults (0/5) D:13
 Depths (0/4) D:15          IceCv (visited)

Altars:
Gozag
Makhleb
Nemelex Xobeh
Qazlal
Sif Muna
Xom

Shops:
D:6 ?   D:7 (   D:8 [   Orc:2 (*[:   Snake:1 =[:   Snake:2 :

Annotations:
Lair:2 3 runed translucent doors, Laraso's ghost, journeyman DEAE
Snake:3 1 runed translucent door, Wyifuy's ghost, adept MiFi


Innate Abilities, Weirdness & Mutations

You have a pair of horns on your head.
You reflexively headbutt those who attack you in melee.


Message History

You regained 30 hp, and now have 71/172 hp.
A red film seems to cover your vision as you go berserk!
You feel yourself moving faster!
You feel mighty!
Usob's ghost hits you but does no damage.
The snapping turtle closely misses you.
The merfolk aquamancer is engulfed in a cloud of scalding steam.
You now have 108/258 hp.
You closely miss Usob's ghost.
Usob's ghost is severely damaged.
Usob's ghost hits you! The snapping turtle closely misses you.
You take 12 damage, and have 96/258 hp.
You closely miss Usob's ghost.
Usob's ghost is severely damaged.
The merfolk aquamancer points at you and mumbles some strange words.
The shard of ice hits you!!! You partially resist.
* * * LOW HITPOINT WARNING * * *
You take 38 damage, and have 58/258 hp.
You slice Usob's ghost!!
You headbutt Usob's ghost, but do no damage.
Usob's ghost is severely damaged.
Usob's ghost hits you!!
* * * LOW HITPOINT WARNING * * *
You take 23 damage, and have 35/258 hp.
You now have 3/5 mp.
You slice Usob's ghost!! You headbutt Usob's ghost!
Usob's ghost is almost destroyed.
The merfolk aquamancer pulls the alarm!
The alarm trap emits a blaring wail!
The mark upon you grows brighter.
The snapping turtle bites you but does no damage.
You slice Usob's ghost!!
You destroy Usob's ghost!
Trog accepts your kill.
You slice the merfolk aquamancer!!
The merfolk aquamancer's magic leaks into the air.
The snapping turtle bites you!
* * * LOW HITPOINT WARNING * * *
The merfolk hits you with a +0 trident!
* * * LOW HITPOINT WARNING * * *
The snapping turtle bites you!!
You die...

~...####~..~~~~~~~~~~~~~~~~≈≈~~~~
~...## #≈.#######~~~^~~~~~~≈≈≈~~~
~....# #..#⌠...⌠#~~^~~~~~~~≈≈≈~~~
~....###..#.#.^.#~..^.~~~~~~≈≈≈~~
~.........#.....#^.^....~~~~~≈≈≈≈
~.###.....#?#.#.#.^.......~~~~≈≈≈
~.###.....#)....'..........~~~~~~
~~..~...~~#[#.#t'..........~~~~~~
~~~...~~~~#!(^.m@m)^.........~...
~~..#.)~~~#.#.#t#m...............
~~)...~~..#...cm#^............###
~~..)~~~~~#.#.mm#.^.........)## #
~~~)~~~~~.#⌠.^.m#^..........#####
~~~~...~..#######...........#....
~~...............................
~............#..................≈
~...~≈...>.###.~...............~≈


You could see 3 merfolk aquamancers, 2 snapping turtles, 2 merfolk, a faun and 2
merfolk sirens.

Vanquished Creatures
  Saint Roka (Snake:4)
  Jorgrun (D:12)
  Frances (Shoals:1)
  The ghost of Usob the Warrior, a journeyman OnGl of Uskayaw (Shoals:1)
  Aizul (Snake:1)
  Donald (Snake:1)
  6 nagarajas
  Louise (Snake:2)
  An orc warlord (Orc:1)
  A merfolk javelineer (Shoals:1)
  Josephine (D:12)
  Snorg (Lair:3)
  A merfolk impaler (Shoals:1)
  4 vault guards (D:12)
  3 hydras
  An ice dragon (Lair:5)
  Erolcha (Orc:1)
  2 catoblepae (Lair:1)
  An ogre mage (D:15)
  4 centaur warriors
  5 boulder beetles
  10 anacondas
  7 two-headed ogres
  An alligator snapping turtle (Shoals:1)
  11 naga warriors
  A merfolk aquamancer (Shoals:1)
  2 orc high priests
  9 shock serpents
  18 naga sharpshooters
  Sonja (D:11)
  A fire crab (Lair:4)
  A skyshark (Lair:5)
  3 salamander mystics
  2 sea snakes (Shoals:1)
  A glowing orange brain (D:15)
  3 naga ritualists
  4 mana vipers
  An orb spider (shapeshifter) (D:15)
  2 lindwurms (Lair:5)
  A harpy (Shoals:1)
  3 deep elf pyromancers
  14 ugly things
  4 orc knights
  A wolf spider (Lair:5)
  6 orc sorcerers
  5 fauns (Shoals:1)
  14 salamanders
  11 manticores
  Maurice (D:7)
  2 cyclopes
  36 black mambas
  5 kobold blastminers
  16 naga magi
  17 elephants
  5 merfolk sirens (Shoals:1)
  A water nymph (Shoals:1)
  3 guardian serpents
  7 gargoyles
  5 torpor snails (Lair:5)
  An unseen horror (D:13)
  16 cane toads
  An efreet (D:13)
  Psyche (D:8)
  7 kobold demonologists
  8 komodo dragons
  Jeremiah (D:8)
  6 rime drakes
  A yaktaur (D:15)
  11 merfolk (Shoals:1)
  A queen bee (Lair:1)
  12 trolls
  Prince Ribbit (D:8)
  3 polar bears
  10 hornets (Lair:5)
  A blink frog (Lair:3)
  3 tyrant leeches (Lair:5)
  20 slime creatures
  3 water elementals (Shoals:1)
  7 wraiths
  2 vampires
  12 wyverns
  31 yaks
  10 vampire mosquitoes
  A golden eye (shapeshifter) (D:15)
  2 steam dragons
  5 basilisks
  2 redbacks (Lair:5)
  5 wargs (Orc:2)
  Menkaure (D:5)
  51 nagas
  24 water moccasins
  An acid dragon (D:12)
  5 black bears
  2 sky beasts
  24 orc warriors
  An ice beast (D:7)
  13 wolves
  11 ogres
  4 boggarts (D:14)
  5 centaurs
  9 kobold brigands
  14 bullfrogs
  A gnoll sergeant (D:8)
  6 wights
  2 elephant simulacra (IceCv)
  23 killer bees
  3 electric eels
  2 vampire bats (Orc:2)
  6 howler monkeys
  A bombardier beetle (D:6)
  3 jellies
  3 hounds
  Crazy Yiuf (D:5)
  10 orc priests
  2 sleepcaps
  3 iguanas (D:5)
  26 orc wizards
  2 polar bear simulacra (IceCv)
  4 gnolls (D:8)
  7 adders
  3 dart slugs
  2 ribbon worms (D:4)
  62 orcs
  9 bats
  6 endoplasms
  3 giant cockroaches
  9 goblins
  10 hobgoblins
  6 jackals (D:1)
  3 quokkas
  9 ball pythons
  2 frilled lizards
  37 kobolds
  7 rats
896 creatures vanquished.

Vanquished Creatures (others)
  An orc (Orc:2)
1 creature vanquished.

Grand Total: 897 creatures vanquished

Notes
Turn   | Place    | Note
-------+----------+-------------------------------------------
     0 | D:1      | jasper the Minotaur Berserker began the quest for the Orb.
     0 | D:1      | Reached XP level 1. HP: 19/19 MP: 0/0
   211 | D:1      | Reached XP level 2. HP: 20/26 MP: 1/1
   375 | D:1      | Reached skill level 5 in Axes
   391 | D:1      | Found a faded altar of an unknown god.
   411 | D:1      | Reached XP level 3. HP: 28/31 MP: 2/2
   623 | D:1      | Reached ** piety under Trog
   965 | D:2      | Reached XP level 4. HP: 23/39 MP: 3/3
  1696 | D:3      | Reached XP level 5. HP: 21/45 MP: 4/4
  2006 | D:3      | Found a stormy altar of Qazlal.
  2240 | D:4      | Noticed a black bear
  2254 | D:5      | Entered Level 5 of the Dungeon
  2560 | D:5      | Noticed a water moccasin
  2567 | D:5      | Killed a water moccasin
  2568 | D:5      | Reached XP level 6. HP: 51/51 MP: 5/5
  2662 | D:5      | Found a staircase to the Ecumenical Temple.
  2871 | D:5      | Reached XP level 7. HP: 57/57 MP: 6/6
  2932 | D:5      | Noticed Menkaure
  2938 | D:5      | Killed Menkaure
  2939 | D:5      | Reached skill level 10 in Axes
  3393 | D:5      | Found an opulent altar of Gozag.
  3602 | D:5      | Found a runed translucent door.
  3603 | D:5      | Noticed Crazy Yiuf
  3648 | D:5      | Killed Crazy Yiuf
  3912 | D:4      | Found a sparkling altar of Nemelex Xobeh.
  3955 | D:4      | Reached XP level 8. HP: 61/64 MP: 7/7
  4320 | D:6      | Found Beshryllo's Magic Scroll Emporium.
  4337 | D:6      | Bought a scroll of fear for 44 gold pieces
  4337 | D:6      | Bought a scroll of teleportation for 33 gold pieces
  4337 | D:6      | Bought a scroll of teleportation for 33 gold pieces
  4337 | D:6      | Bought a scroll of identify for 22 gold pieces
  4337 | D:6      | Bought a scroll of identify for 22 gold pieces
  4337 | D:6      | Bought a scroll of identify for 22 gold pieces
  4337 | D:6      | Bought a scroll of identify for 22 gold pieces
  5388 | D:7      | Found Ciz Ciot's Antique Weapon Shop.
  5645 | D:7      | Noticed a gargoyle
  5666 | D:7      | Killed a gargoyle
  5667 | D:7      | Reached XP level 9. HP: 73/73 MP: 8/8
  5673 | D:7      | Noticed a gargoyle
  5691 | D:7      | Killed a gargoyle
  5692 | D:7      | Reached skill level 5 in Fighting
  5748 | D:7      | Noticed a gargoyle
  5838 | D:7      | Reached skill level 5 in Armour
  5886 | D:7      | Identified the +3 spear "Poon" {flame, rElec rF- rN+ rCorr}
  5983 | D:7      | Noticed a gargoyle
  6003 | D:7      | Killed a gargoyle
  6056 | D:7      | Killed a gargoyle
  6111 | D:7      | Noticed a gargoyle
  6119 | D:7      | Killed a gargoyle
  6374 | D:7      | Noticed Maurice
  6442 | D:7      | Killed Maurice
  6443 | D:7      | Reached XP level 10. HP: 80/88 MP: 6/9
  6564 | D:8      | Noticed Prince Ribbit
  6577 | D:8      | Killed Prince Ribbit
  6616 | D:8      | Noticed Jeremiah
  6644 | D:8      | Killed Jeremiah
  6885 | D:7      | Bought a glowing war axe for 188 gold pieces
  7058 | D:8      | Noticed Psyche
  7072 | D:8      | Killed Psyche
  7309 | D:8      | Found Degy's Armour Emporium.
  7311 | D:8      | Found Qootrea's Antique Armour Shop.
  7748 | D:9      | Reached *** piety under Trog
  7749 | D:9      | Reached skill level 10 in Fighting
  7756 | D:9      | Reached skill level 10 in Armour
  7761 | D:9      | Reached skill level 1 in Throwing
  7893 | D:9      | Noticed a two-headed ogre
  7898 | D:9      | Killed a two-headed ogre
  8081 | D:9      | Reached skill level 5 in Throwing
  8371 | D:10     | Entered Level 10 of the Dungeon
  8372 | D:10     | Found a staircase to the Lair.
  8375 | D:10     | Noticed a two-headed ogre
  8382 | D:10     | Killed a two-headed ogre
  8383 | D:10     | Reached XP level 11. HP: 99/99 MP: 10/10
  8615 | D:10     | Reached skill level 15 in Axes
  8996 | D:11     | Noticed Sonja
  9050 | D:11     | Killed Sonja
  9361 | D:11     | Noticed a two-headed ogre
  9366 | D:11     | Killed a two-headed ogre
  9541 | D:11     | Reached **** piety under Trog
  9633 | D:11     | Identified the +1 morningstar of Evisceration {pain, Str+3}
  9817 | D:11     | Found a staircase to the Orcish Mines.
  9868 | D:11     | Noticed a boulder beetle
  9876 | D:11     | Killed a boulder beetle
 10114 | Lair:1   | Entered Level 1 of the Lair of Beasts
 10333 | Lair:1   | Noticed a catoblepas
 10340 | Lair:1   | Killed a catoblepas
 10416 | Lair:1   | Reached XP level 12. HP: 101/112 MP: 11/11
 10797 | Lair:1   | Noticed a catoblepas
 10820 | Lair:1   | Killed a catoblepas
 11210 | Lair:2   | Noticed a six-headed hydra
 11218 | Lair:1   | Killed a six-headed hydra
 11277 | Lair:2   | Found a runed translucent gate.
 11277 | Lair:2   | Found a runed translucent gate.
 11278 | Lair:2   | Found a runed translucent gate.
 11283 | Lair:2   | Noticed Laraso's ghost (journeyman DEAE)
 11284 | Lair:2   | Found a frozen archway.
 11285 | Lair:2   | Noticed a minotaur
 11293 | IceCv    | Entered an ice cave
 11422 | IceCv    | Found a transporter.
 11436 | IceCv    | Found a transporter.
 11570 | Lair:2   | Found a shimmering blue altar of Sif Muna.
 11632 | Lair:2   | Found a staircase to the Snake Pit.
 12050 | Lair:2   | Reached ***** piety under Trog
 12056 | Lair:2   | Noticed an eight-headed hydra
 12075 | Lair:2   | Killed an eight-headed hydra
 12252 | Lair:2   | Noticed a four-headed hydra
 12263 | Lair:2   | Killed a four-headed hydra
 12742 | Lair:3   | Found a staircase to the Shoals.
 13386 | Lair:3   | Reached XP level 13. HP: 125/125 MP: 12/12
 13674 | Lair:3   | Reached skill level 15 in Armour
 13675 | Lair:3   | Reached skill level 15 in Fighting
 13807 | Lair:3   | Identified the ring of Gefaso Diply {rElec rPois rF- Dex+5
                  | SInv}
 14263 | Lair:4   | Noticed Snorg
 14275 | Lair:3   | Killed Snorg
 14556 | Lair:4   | Identified the +3 trident "Ixyameoc" {flame, *Noise rN+
                  | rCorr Dex+5}
 15647 | Orc:1    | Entered Level 1 of the Orcish Mines
 15753 | Orc:1    | Received a gift from Trog
 16120 | Orc:1    | Noticed Erolcha
 16135 | Orc:1    | Killed Erolcha
 16317 | Orc:2    | Entered Level 2 of the Orcish Mines
 16334 | Orc:2    | Found Ylloblil's Antique Weapon Emporium.
 16434 | Orc:2    | Reached skill level 5 in Dodging
 16475 | Orc:2    | Reached XP level 14. HP: 94/137 MP: 13/13
 16608 | Orc:2    | Noticed an orc warlord
 16738 | Orc:1    | Killed an orc warlord
 16948 | Orc:2    | Found Zovvopri's General Store.
 16959 | Orc:2    | Bought a potion of heal wounds for 75 gold pieces
 16959 | Orc:2    | Bought a +1 pair of boots for 172 gold pieces
 16992 | Orc:2    | Found Rele's Antique Armour Shop.
 16998 | Orc:2    | Bought a pair of slimy gloves for 218 gold pieces
 16998 | Orc:2    | Identified the +0 pair of gloves of the Forgotten Violins
                  | {*Corrode rN+ Regen+ Int+5} (You bought it in a shop on
                  | level 2 of the Orcish Mines)
 17020 | Orc:2    | Found a burning altar of Makhleb.
 17046 | Orc:2    | Found a staircase to the Elven Halls.
 17057 | Orc:2    | Found Kuxtitz's Book Emporium.
 17090 | Orc:2    | Received a gift from Trog
 17686 | Lair:5   | Entered Level 5 of the Lair of Beasts
 18491 | Lair:5   | Found a staircase to the Slime Pits.
 19081 | Lair:5   | Reached skill level 10 in Throwing
 19306 | D:12     | Noticed Jorgrun
 19336 | D:12     | Reached skill level 10 in Dodging
 19344 | D:12     | Killed Jorgrun
 19471 | D:12     | Received a gift from Trog
 19811 | D:12     | Noticed Josephine
 19816 | D:12     | Reached XP level 15. HP: 136/142 MP: 14/14
 19822 | D:12     | Killed Josephine
 20142 | D:13     | Found a gate to the Vaults.
 21232 | D:14     | Received a gift from Trog
 21626 | D:15     | Entered Level 15 of the Dungeon
 22211 | D:15     | Found a staircase to the Depths.
 22782 | Snake:1  | Entered Level 1 of the Snake Pit
 22947 | Snake:1  | Received a gift from Trog
 23081 | Snake:1  | Identified the ring of Foolhardiness {Fly Str+2}
 23130 | Snake:1  | HP: 2/146 [naga sharpshooter/arrow (17)]
 23287 | Snake:1  | Noticed Donald
 23301 | Snake:1  | Killed Donald
 23394 | Snake:1  | Reached XP level 16. HP: 155/155 MP: 15/15
 23514 | Snake:1  | Found Gell's Book Shop.
 23516 | Snake:1  | Found Matulugo's Antique Armour Boutique.
 23518 | Snake:1  | Found Vethayci's Jewellery Shop.
 23524 | Snake:1  | Bought the +3 Mad Mage's Maulers {Infuse+∞ VampMP -Cast}
                  | for 1040 gold pieces
 23524 | Snake:1  | Found the +3 Mad Mage's Maulers {Infuse+∞ VampMP -Cast}
 23568 | Snake:1  | Identified the serpent talisman of Beyond {rF+ Str+2}
 23568 | Snake:1  | Noticed Aizul
 23574 | Snake:1  | Killed Aizul
 23890 | Snake:2  | Reached ****** piety under Trog
 24054 | Snake:2  | Noticed a walking crystal tome
 24062 | Snake:2  | Found Ididiy's Book Shoppe.
 24175 | Snake:2  | Noticed a walking crystal tome
 24697 | Snake:2  | Noticed Louise
 24708 | Snake:2  | Killed Louise
 25878 | Snake:3  | Received a gift from Trog
 26803 | Snake:3  | Found a runed translucent door.
 26804 | Snake:3  | Found a shimmering altar of Xom.
 26804 | Snake:3  | Noticed Wyifuy's ghost (adept MiFi)
 27098 | Snake:4  | Entered Level 4 of the Snake Pit
 28537 | Snake:4  | Received a gift from Trog
 28814 | Snake:4  | Reached XP level 17. HP: 168/168 MP: 1/16
 28851 | Snake:4  | Noticed Saint Roka
 28873 | Snake:4  | Killed Saint Roka
 29824 | Snake:4  | Got a serpentine rune of Zot
 30427 | Shoals:1 | Entered Level 1 of the Shoals
 30456 | Shoals:1 | Noticed Frances
 30466 | Shoals:1 | Killed Frances
 31658 | Shoals:1 | Found a runed translucent gate.
 31658 | Shoals:1 | Found a runed translucent gate.
 31659 | Shoals:1 | Found a runed translucent gate.
 31660 | Shoals:1 | Noticed Usob's ghost (journeyman OnGl)
 32072 | Shoals:1 | Killed Usob's ghost
 32073 | Shoals:1 | HP: 8/258 [merfolk/+0 trident (16)]
 32073 | Shoals:1 | Mangled by a snapping turtle

Illustrated notes

Levels and vault maps discovered:
D:1:      matt_arrival_spirals, layout_rooms, hellmonk_ecumenical_altar_run_dry,
          minmay_misc_feat_doors
D:2:      layout_rooms, minmay_pentomino_v4
D:3:      layout_basic, mainiacjoe_overflow_tiny_flanked
D:4:      layout_rooms, mainiacjoe_overflow_boulevard
D:5:      layout_basic, nicolae_gozag_cash_rules_everything_around_me,
          minmay_temple_entry_nine_rooms, uniq_crazy_yiuf_cottage, uniq_menkaure
D:6:      layout_cave_pods, serial_column_ruins, column_ruins_square_huge,
          column_ruins_open_medium, column_ruins_columns_straight,
          column_ruins_open_large, column_ruins_corridor_corner,
          column_ruins_grid_1, serial_shops, nicolae_shop_crystal,
          kennysheep_small_spiral
D:7:      cheibrodos_statue_roulette, layout_basic, serial_rivers,
          chequers_serial_rivers_marsh, chequers_serial_rivers_small_b,
          chequers_serial_rivers_small_a, chequers_serial_rivers_small_3,
          chequers_serial_rivers_large_a, serial_shops, shop_fountains,
          uniq_maurice
D:8:      layout_basic, serial_shops, nicolae_shop_trees, shop, uniq_jeremiah,
          uniq_psyche, uniq_prince_ribbit1
D:9:      layout_basic
D:10:     layout_gridville, lair_entry_dummy, minivault_25_ag,
          nicolae_elevator_lobby_asterisk
D:11:     layout_roguey, hiddenorc1_lemuel, uniq_sonja
D:12:     layout_cross, grunt_ministairs_6, uniq_josephine, uniq_jorgrun
D:13:     layout_irregular_city, lightli_vaults_fourway_checkpoint,
          chequers_mini_garden
D:14:     layout_roguey, minmay_misc_feat_hallway
D:15:     gammafunk_enter_depths_forms, layout_stronghold
Lair:1:   layout_cave_pods, special_room [special_room_bee]
Lair:2:   wander_river, layout_hall_layers, guppyfry_snake_entry_garden,
          basic_altar, maelrawn_ghost_gauntlet_escape,
          portal_ice_cave_entry_pillars_2, st_stairs_10
Lair:3:   nzn_winding_woodlands_small [nzn_winding_woodlands_5x15_lazy_stream,
          nzn_winding_woodlands_center_diamonds,
          nzn_winding_woodlands_5x15_sidewinder], layout_cave_pods,
          mainiacjoe_shoals_entry_four_pools, minmay_stone_trees_small
Lair:4:   layout_long_grid, grunt_megastairs_1, serial_bayou_shore_a,
          infiniplex_staircase_pool, uniq_snorg
Lair:5:   wormcave, layout_cave_pods, hangedman_lair_tendril_chambers,
          slime_entry_1, minivault_23
Shoals:1: layout_shoals, gammafunk_ghost_tricky_traps, uniq_frances
Snake:1:  layout_rooms, nicolae_snake_slithery_hallway, minmay_shop_star,
          uniq_aizul, uniq_donald
Snake:2:  layout_grid_maze, serial_shops, nicolae_shop_mannequins, uniq_louise
Snake:3:  layout_onion_interference, ebering_ghost_xom
Snake:4:  minmay_snake_end_coiled, layout_cave_town, uniq_saint_roka
Orc:1:    layout_diamond_mine, uniq_erolcha
Orc:2:    grunt_orc_gardens, layout_caves, grunt_orc_garden, grunt_orc_garden,
          grunt_orc_garden, grunt_orc_garden, basic_altar, roderic_batcave

Skill      XL: |  1  2  3  4  5  6  7  8  9 10 11 12 13 14 15 16 17 |
---------------+----------------------------------------------------+-----
Axes           | 4 5 7 8 9 11 14 16 17 20 | 20.0
Fighting       | 4 8 10 11 14 16 17 19 20 | 20.7
Armour         | 4 7 10 11 14 16 18 | 18.6
Throwing       | 5 6 10 | 10.0
Dodging        | 5 10 12 13 | 13.3
Evocations     | |  0.1

Action                     |  1- 3 |  4- 6 |  7- 9 | 10-12 | 13-15 | 16-18 || total
---------------------------+-------+-------+-------+-------+-------+-------++-------
  Melee: Hand axe          |   100 |   116 |   181 |    29 |       |       ||   426
         Headbutt          |    11 |    24 |    32 |    85 |   229 |   117 ||   498
         Punch             |       |     1 |     2 |       |       |       ||     3
         War axe           |       |       |       |   430 |   339 |       ||   769
         Morningstar       |       |       |       |    16 |       |       ||    16
         Battleaxe         |       |       |       |       |   526 |   510 ||  1036
  Throw: Stone             |       |     9 |    11 |    16 |       |    70 ||   106
         Dart              |       |     3 |       |     6 |       |       ||     9
         Javelin           |       |       |       |     2 |     6 |       ||     8
         Boomerang         |       |       |       |    15 |   107 |    39 ||   161
 Invoke: Trog's Hand       |       |     2 |     2 |     3 |     7 |     7 ||    21
         Berserk           |       |     3 |    12 |     7 |     5 |     3 ||    30
  Evoke: Wand              |       |       |    10 |    10 |     2 |       ||    22
    Use: Scroll            |     1 |     5 |     8 |    11 |     5 |     2 ||    32
         Potion            |       |     1 |     2 |       |     2 |     3 ||     8
 Armour: Animal skin       |    26 |       |       |       |       |       ||    26
         Chain mail        |    27 |    34 |       |       |   389 |   210 ||   660
         Plate armour      |       |    51 |   164 |   298 |   177 |   194 ||   884
  Dodge: Dodged            |    55 |    34 |    51 |   350 |   935 |   528 ||  1953
  Block: Buckler           |       |       |     8 |    68 |    54 |       ||   130

Table legend: (Time is in decaauts)
 A = Elapsed time spent in this place.
 B = Non-inter-level travel time spent in this place.
 C = Inter-level travel time spent in this place.
 D = Time resting spent in this place.
 E = Time spent auto-exploring this place.
 F = Levels seen in this place.
 G = Mean time per level.
                   A        B        C        D        E       F      G
               +--------+--------+--------+--------+--------+-----+--------+
         Total |  32015 |  30364 |   1651 |   4717 |  19952 |  28 | 1143.4 |
       Dungeon |  13713 |  12866 |    847 |   1913 |   8410 |  15 |  914.2 |
          Lair |   7146 |   6654 |    492 |    786 |   4669 |   5 | 1429.2 |
        Shoals |   1612 |   1612 |      0 |      0 |   1413 |   1 | 1612.0 |
     Snake Pit |   7385 |   7187 |    198 |   1559 |   4416 |   4 | 1846.2 |
  Orcish Mines |   1886 |   1773 |    113 |    261 |   1043 |   2 |  943.0 |
      Ice Cave |    269 |    269 |      0 |    196 |      1 |   1 |  269.0 |
               +--------+--------+--------+--------+--------+-----+--------+

Top non-repeatable levels by time:
 Snake:4: 2834 daAuts
 Snake:2: 2012 daAuts
  Lair:3: 1793 daAuts
Shoals:1: 1612 daAuts
     D:5: 1530 daAuts
 Snake:3: 1523 daAuts
  Lair:5: 1507 daAuts
  Lair:2: 1329 daAuts
  Lair:4: 1265 daAuts
  Lair:1: 1250 daAuts
     D:7: 1245 daAuts
    D:11: 1215 daAuts
     D:6: 1084 daAuts
 Snake:1: 1015 daAuts
     D:8: 992 daAuts
